Match 41353293
Unlisted

Match 41353293
End
Construct Section Command Post
Royal Engineer Section
Selects Canadian Shock Battlegroup
Dingo Light Scout Car
Royal Engineer Section
Infantry Section
Selects Offensive Resupply
Construct Platoon Command Post
Humber Armored Car
Selects Incendiary Munitions
Selects Canadian Shock Section
Selects Pyrotechnics
Canadian Shock Section
Senatskaya
龙骑晓梦
Ocelot
cannot compute
nilshousker
BrainySmurf
0
0

Comments sign in to comment!

No comments posted yet!